AoeStats
← 人老手慢

Hideout

508170631Analyzed
1v1 RM · 9d ago on Sep 21, 2026· 42m 38s· 2 players
Game mode
Random Map
Map size
Tiny (2 player)
Population
200
Speed
Normal
Resources
Standard
Victory
Conquest
Starting age
Dark Age
Ending age
Imperial Age
RankedLock teamsTeams togetherTeam positionsShared explorationLock speedFull tech treeHidden civsTurbo modeCheats
Victory
Defeat
🇨🇳 Britons · China
1126
+43
🇨🇦 Sicilians · Canada
1131
-16
人老手慢
10:40 Feudal Age
14:21 Castle Age
12:08 Double-Bit Axe
12:38 Horse Collar
22:36 Wheelbarrow
22:54 Gold Mining
22:55 Stone Mining
24:33 Hand Cart
24:53 Bow Saw
24:44 Heavy Plow
29:00 Imperial Age
26:29 Fletching
27:05 Ballistics
27:23 Bodkin Arrow
27:18 Crossbowman
28:16 Padded Archer Armor
28:30 Masonry
29:41 Bracer
30:43 Chemistry
29:05 Arbalester
30:15 Town Watch
30:18 Loom
31:39 Two-Man Saw
31:00 Leather Archer Armor
31:17 Architecture
32:03 Conscription
32:17 Ring Archer Armor
31:54 Scale Barding Armor
31:59 Forging
32:40 Gold Shaft Mining
33:25 Fortified Wall
34:07 Siege Engineers
35:41 Yeomen
37:26 Hoardings
36:49 Murder Holes
36:35 Treadmill Crane
37:01 Warwolf
37:06 Cavalier
37:47 Husbandry
38:09 Chain Barding Armor
38:25 Iron Casting
42:10 Plate Barding Armor
42:35 Blast Furnace
thk_ultra
0:29 Loom
10:34 Feudal Age
16:30 Castle Age
14:44 Double-Bit Axe
17:22 Bow Saw
17:07 Horse Collar
17:18 Town Watch
23:05 Heavy Plow
28:03 Fletching
28:47 Gold Mining
28:51 Stone Mining
30:30 Wheelbarrow
30:17 Town Patrol
30:18 Scale Mail Armor
30:33 Forging
31:17 First Crusade
31:23 Chain Mail Armor
35:09 Imperial Age
36:03 Iron Casting
35:21 Elite Serjeant
36:34 Plate Mail Armor
35:31 Capped Ram
37:33 Crop Rotation
36:57 Siege Ram
39:03 Blast Furnace
38:36 Gambesons
38:51 Squires
38:37 Arson
Connection lost

Rejoining the realm…

Still unreachable

The connection could not be restored.

Session expired

The server has moved on; the page needs a fresh start.